Map: [ESL] Moondance

Players

ShoWTimE - Winner!

  • Race: Protoss Protoss
  • Spawn Location: 6:00

Solar

  • Race: Zerg Zerg
  • League: Master
  • Spawn Location: 12:00

Event: HomeStory Cup XXI

VOD

Have the link to the VOD?

Description

Time

  • Played on: July 23, 2022, 2:50 p.m.
  • Length: 8:45

All games in this series

Show
View Real Time Build Order
Export as new Build Order

ShoWTimE Protoss - Winner!

Build Orders: 1 Gate Expand, Oracle Opening 

Get SALT Encoding   

  12  0:00  Probe  
  13  0:12  Probe  
  14  0:18  Pylon  
  14  0:24  Probe (Chrono Boost)  
  14  0:28  Assimilator  
  15  0:36  Probe (Chrono Boost)  
  16  0:45  Probe (Chrono Boost)  
  16  0:47  Gateway  
  17  0:50  Probe  
  18  1:03  Probe  
  19  1:15  Probe  
  20  1:22  Nexus  
  20  1:27  Probe  
  21  1:35  Cybernetics Core  
  21  1:40  Assimilator  
  21  1:43  Probe  
  22  1:49  Pylon  
  22  1:55  Probe  
  23  2:07  Probe (Chrono Boost)  
  24  2:11  Adept  
  24  2:12  Warp Gate  
  26  2:19  Probe (Chrono Boost), Stargate  
  27  2:24  Probe (Chrono Boost)  
  28  2:34  Probe (Chrono Boost)  
  30  2:39  Probe (Chrono Boost)  
  30  2:40  Stalker  
  30  2:44  Probe (Chrono Boost)  
  33  2:47  Probe (Chrono Boost)  
  33  2:49  Probe (Chrono Boost)  
  35  2:58  Probe  
  36  3:00  Oracle (Chrono Boost)  
  36  3:01  Probe  
  40  3:07  Shield Battery  
  40  3:10  Probe  
  40  3:13  Probe  
  40  3:16  Pylon  
  41  3:22  Probe  
  41  3:25  Probe  
  43  3:27  Nexus  
  43  3:32  Oracle (Chrono Boost)  
  43  3:34  Probe  
  43  3:37  Probe  
  48  3:46  Probe  
  48  3:47  Shield Battery  
  49  3:49  Probe  
  49  3:55  Twilight Council  
  50  3:58  Probe, Gateway  
  50  3:59  Pylon  
  51  4:03  Gateway  
  51  4:07  Gateway  
  51  4:10  Assimilator  
  51  4:11  Probe  
  51  4:13  Probe  
  53  4:17  Assimilator  
  53  4:19  Blink (Chrono Boost)  
  53  4:23  Probe  
  54  4:25  Probe  
  54  4:26  Stalker  
  54  4:28  Pylon  
  57  4:35  Probe  
  57  4:37  Probe  
  59  4:39  Pylon, Probe  
  60  4:48  Probe  
  60  4:49  Probe  
  60  4:51  Probe, Forge  
  63  4:57  Stalker  
  63  4:58  Stalker  
  67  5:00  Probe  
  67  5:02  Probe  
  67  5:03  Probe  
  67  5:05  Stalker  
  72  5:09  Stalker  
  72  5:12  Probe  
  75  5:14  Probe  
  75  5:15  Probe  
  75  5:19  Pylon  
  77  5:23  Protoss Ground Weapons Level 1 (Chrono Boost)  
  77  5:24  Probe  
  77  5:26  Probe  
  77  5:27  Stalker x2, Probe  
  84  5:32  Stalker  
  86  5:35  Stalker  
  86  5:37  Probe  
  86  5:38  Probe  
  90  5:44  Pylon, Probe  
  90  5:45  Shield Battery  
  91  6:00  Forge  
  91  6:05  Stalker x4  
  99  6:12  Charge (Chrono Boost)  
  99  6:14  Nexus  
  99  6:16  Pylon  
  99  6:21  Gateway  
  99  6:23  Gateway  
  99  6:29  Protoss Ground Armor Level 1 (Chrono Boost)  
  99  6:31  Pylon  
  99  6:40  Gateway x2  
  99  6:41  Probe x2  
  99  6:43  Stalker x2  
  99  6:44  Stalker x2  
  109  6:48  Pylon  
  109  6:52  Probe  
  110  6:58  Nexus  
  110  7:01  Pylon  
  110  7:05  Shield Battery  
  110  7:09  Photon Cannon  
  110  7:13  Gateway  
  110  7:15  Gateway  
  110  7:16  Zealot x5  
  120  7:26  Zealot  
  120  7:28  Probe x3  
  125  7:32  Pylon  
  125  7:33  Photon Cannon  
  125  7:35  Zealot x2  
  129  7:40  Probe x2  
  129  7:42  Zealot x2  
  135  7:54  Zealot x4  
  140  8:08  Zealot x4  
  148  8:16  Zealot x4  
  154  8:20  Probe  
  154  8:23  Probe  
  154  8:25  Templar Archives  
  154  8:26  Probe  
  151  8:30  Nexus  
  139  8:34  Zealot x5  
Show
View Real Time Build Order
Export as new Build Order

Solar Zerg 

Build Orders: Hatch First 

Get SALT Encoding   

  12  0:00  Drone  
  13  0:12  Overlord  
  13  0:17  Drone  
  14  0:30  Drone  
  14  0:31  Drone  
  16  0:47  Hatchery  
  15  0:51  Drone  
  15  0:54  Drone  
  17  0:58  Drone  
  18  1:08  Extractor  
  17  1:13  Spawning Pool  
  17  1:17  Drone  
  17  1:19  Drone  
  18  1:27  Drone  
  19  1:38  Drone  
  20  1:51  Overlord  
  20  1:59  Queen  
  20  2:00  Queen  
  20  2:01  Zergling x4  
  26  2:12  Drone, Metabolic Boost  
  26  2:13  Drone  
  28  2:24  Drone x2  
  30  2:33  Hatchery  
  30  2:35  Drone  
  30  2:46  Queen  
  30  2:47  Overlord  
  32  2:52  Drone x2  
  32  2:54  Drone  
  32  2:58  Drone  
  36  3:06  Zergling x2  
  36  3:08  Drone  
  36  3:10  Drone x3  
  41  3:13  Queen  
  41  3:18  Overlord  
  43  3:20  Drone  
  43  3:30  Spore Crawler  
  43  3:31  Drone  
  43  3:35  Overlord  
  43  3:36  Queen  
  45  3:46  Queen  
  45  3:47  Drone  
  47  3:52  Drone x2  
  47  3:53  Drone  
  47  3:55  Drone x6  
  55  3:58  Spore Crawler  
  54  4:04  Evolution Chamber, Drone  
  54  4:05  Drone x2  
  54  4:07  Drone  
  57  4:10  Drone  
  57  4:14  Overlord  
  58  4:17  Drone  
  58  4:22  Spore Crawler, Drone  
  55  4:25  Drone x3  
  55  4:29  Drone x4  
  63  4:32  Zerg Melee Weapons Level 1  
  63  4:35  Drone  
  63  4:37  Drone  
  65  4:38  Overlord  
  65  4:42  Drone x2  
  67  4:52  Drone  
  68  4:53  Baneling Nest, Extractor  
  68  4:55  Zergling x2  
  68  4:56  Zergling x4, Hatchery  
  68  4:58  Zergling x4  
  68  4:59  Zergling x2  
  71  5:00  Zergling x2  
  71  5:02  Zergling x2  
  71  5:06  Drone, Overlord  
  71  5:07  Drone  
  75  5:10  Extractor  
  75  5:12  Lair  
  74  5:14  Drone  
  74  5:15  Drone x4  
  74  5:20  Overlord  
  79  5:22  Drone  
  79  5:23  Drone  
  79  5:26  Overlord  
  79  5:27  Roach Warren  
  81  5:28  Drone  
  81  5:29  Overlord  
  81  5:33  Overlord  
  81  5:35  Overlord, Extractor  
  80  5:40  Drone x3  
  80  5:42  Zergling x8  
  87  5:49  Drone  
  88  5:50  Extractor, Zergling x2  
  88  5:53  Zergling x2  
  89  5:58  Zergling x6  
  89  6:04  Zergling x8  
  95  6:05  Zergling x4  
  97  6:12  Zergling x2  
  97  6:13  Zergling x4  
  97  6:15  Roach x3  
  105  6:20  Zergling x2  
  105  6:24  Roach, Glial Reconstitution, Zergling x2  
  108  6:27  Zergling x2  
  108  6:31  Zergling x2  
  110  6:35  Zergling x4  
  110  6:37  Drone  
  112  6:42  Centrifugal Hooks, Zergling x10  
  112  6:43  Overseer  
  112  6:45  Drone  
  112  6:46  Drone  
  119  6:47  Overlord x2  
  119  6:51  Drone x2  
  119  6:52  Drone  
  119  6:53  Queen  
  120  6:54  Drone  
  120  6:55  Drone  
  120  6:58  Drone  
  120  6:59  Drone  
  120  7:00  Drone  
  118  7:03  Drone  
  119  7:09  Drone x2  
  119  7:10  Drone  
  119  7:11  Roach x4  
  119  7:13  Evolution Chamber  
  119  7:14  Roach  
  131  7:17  Zergling x8  
  131  7:22  Zergling x6  
  135  7:23  Hatchery  
  135  7:27  Roach  
  133  7:31  Zergling x2  
  133  7:32  Zergling x4  
  133  7:34  Overlord x3  
  133  7:36  Overlord  
  136  7:42  Queen  
  136  7:44  Overlord  
  136  7:48  Overlord x2  
  136  7:50  Overlord  
  136  7:53  Drone x3  
  136  7:54  Roach x5  
  136  7:57  Zergling x2  
  148  8:00  Zergling x2  
  148  8:01  Zergling x8  
  148  8:08  Roach x2  
  148  8:10  Zergling x10  
  156  8:14  Zergling x8  
  156  8:17  Zergling x4  
  147  8:21  Zergling x4  
  147  8:26  Zergling x4  
  132  8:34  Hatchery  
Tags
 
Add a new tag
Caveats
  • Supply blocks, unpowered buildings, or Contaminate may cause inaccurate times.
  • Supply counts are checked every 10 seconds.